 Dungeon Sprint DCSS version 0.22-a0-247-gbddf880 (webtiles) character file.

57 Ghella the Covert (level 3, -1/16 HPs)
             Began as a Spriggan Enchanter on Feb 27, 2018.
             Splashed by an oklob sapling priest's acid (10 damage)
             ... in the Dungeon (Sprint IV: "Fedhas' Mad Dash").
             The game lasted 00:00:52 (595 turns).

Ghella the Covert (Spriggan Enchanter)               Turns: 595, Time: 00:00:52

Health: -1/16      AC: -2    Str:  4    XL:     3   Next: 73%
Magic:  7/9        EV: 19    Int: 16    God:
Gold:   69         SH:  0    Dex: 17    Spells: 4/10 levels left

rFire    . . .     SeeInvis +   a - +1 dagger
rCold    . . .     Gourm    .   (shield restricted)
rNeg     . . .     Faith    .   b - +0 robe
rPois    .         Spirit   .   (helmet restricted)
rElec    .         Reflect  .   (no cloak)
rCorr    .         Harm     .   (gloves unavailable)
MR       .....     NoTele   +   (boots unavailable)
Stlth    ++++......             h - amulet of invisibility {+Inv}
HPRegen  0.05/turn              (no ring)
MPRegen  0.11/turn              (no ring)

@: corroded, very slightly contaminated, invisible, very quick
A: very small, unfitting armour, see invisible, herbivore, speed 3, slow
metabolism 2
a: no special abilities


You were in the Dungeon.
You were not hungry.

You visited 1 branch You collected 69 gold pieces.

Inventory:

Hand Weapons
 a - a +1 dagger (weapon)
Armour
 b - a +0 robe (worn)
Jewellery
 h - the amulet of invisibility (around neck) {+Inv}
   (You found it in the Dungeon)

   [amulet of nothing]

   It lets you turn invisible.
Scrolls
 i - a scroll of blinking
Potions
 d - a potion of curing
 e - a potion of heal wounds
 f - a potion of haste
 g - 2 potions of magic
Comestibles
 c - a ration


   Skills:
 + Level 1.3 Short Blades
 + Level 4.1 Dodging
 * Level 9.1 Stealth
 + Level 4.0 Spellcasting
 + Level 6.1 Hexes


You had 4 spell levels left.
You knew the following spells:

 Your Spells              Type           Power        Failure   Level  Hunger
a - Corona                Hex            ###....      1%          1    None
b - Confuse               Hex            ###.....     4%          3    ###....
c - Ensorcelled Hibernat  Hex/Ice        ##....       7%          2    ##.....


Dungeon Overview and Level Annotations

Branches:
Dungeon (1/1)

Altars:
Cheibriados
Dithmenos
Elyvilon
Gozag
Hepliaklqana
Kikubaaqudgha
Makhleb
Nemelex Xobeh
Okawaru
Qazlal
Ru
Sif Muna
Trog
Uskayaw
Vehumet
Wu Jian
Xom
Yredelemnul
Zin
The Shining One
Beogh
Jiyva
Lugonu

Annotations:
D exclusion: oklob sapling


Innate Abilities, Weirdness & Mutations

You are very small and have problems with some larger weapons.
You are too small for most types of armour.
You have supernaturally acute eyesight. (SInv)
You are a herbivore.
You cover ground extremely quickly.
You need consume almost no food.


Message History

Found ten altars.
Marking area around the oklob sapling priest as unsafe for travelling.
An oklob sapling priest comes into view.
Found three altars.
There is an open door here.
Found three altars.
Found two altars.
Found three altars.
There is an opulent altar of Gozag here.
Found a corrupted altar of Lugonu and a radiant altar of Vehumet.
There is a hazy altar of Hepliaklqana here.
You hit the oklob sapling priest but do no damage.
The oklob sapling priest spits acid at you.
The splash of acid misses you.
You hit the oklob sapling priest but do no damage.
The oklob sapling priest spits acid at you.
The splash of acid hits you! The acid corrodes you!
You are splashed with acid!
The acid burns!
Ouch! That really hurt!
You die...

########################
....#.....#.⌠._._._._.⌠.
....'.#...'.._._@_._._..
....#.#...#..._._P_._...
########+##.._._._._._..
#._._._._._.⌠.
##############


You could see an oklob sapling priest.

Vanquished Creatures
  An oklob sapling (D)
  A worker ant (D)
  A river rat (D)
  A rat (D)
4 creatures vanquished.

Notes
Turn   | Place    | Note
-------+----------+-------------------------------------------
     0 | D        | Ghella the Spriggan Enchanter began the quest for the Orb.
     0 | D        | Reached XP level 1. HP: 9/9 MP: 5/5
    11 | D        | Reached skill level 6 in Stealth
    11 | D        | Reached XP level 2. HP: 4/13 MP: 7/7
   339 | D        | Noticed an oklob sapling
   341 | D        | Killed an oklob sapling
   341 | D        | Reached skill level 8 in Stealth
   341 | D        | Reached skill level 5 in Hexes
   341 | D        | Reached XP level 3. HP: 16/16 MP: 9/9
   355 | D        | Learned a level 3 spell: Confuse
   358 | D        | Learned a level 2 spell: Ensorcelled Hibernation
   462 | D        | Found the amulet of invisibility {+Inv}
   463 | D        | Reached skill level 9 in Stealth
   586 | D        | Found an opulent altar of Gozag.
   586 | D        | Found a hazy altar of Hepliaklqana.
   586 | D        | Found a burning altar of Makhleb.
   586 | D        | Found a roughly hewn altar of Beogh.
   586 | D        | Found a sparkling altar of Nemelex Xobeh.
   586 | D        | Found a snail-covered altar of Cheibriados.
   586 | D        | Found a sacrificial altar of Ru.
   586 | D        | Found a deep blue altar of Sif Muna.
   586 | D        | Found a shimmering altar of Xom.
   586 | D        | Found a basalt altar of Yredelemnul.
   587 | D        | Found a viscous altar of Jiyva.
   587 | D        | Found a bloodstained altar of Trog.
   587 | D        | Found an ornate altar of the Wu Jian Council.
   587 | D        | Noticed an oklob sapling priest
   588 | D        | Found an iron altar of Okawaru.
   588 | D        | Found a shadowy altar of Dithmenos.
   588 | D        | Found a glowing silver altar of Zin.
   589 | D        | Found an ancient bone altar of Kikubaaqudgha.
   589 | D        | Found a hide-covered altar of Uskayaw.
   590 | D        | Found a stormy altar of Qazlal.
   590 | D        | Found a white marble altar of Elyvilon.
   590 | D        | Found a glowing golden altar of the Shining One.
   591 | D        | Found a corrupted altar of Lugonu.
   591 | D        | Found a radiant altar of Vehumet.
   595 | D        | Splashed by an oklob sapling priest's acid

Vault maps used:
D:        dungeon_sprint_fedhas

Skill      XL: |  1  2  3 |
---------------+----------+-----
Stealth        | 6 8 9 |  9.1
Spellcasting   | 3 4 |  4.0
Hexes          | 4 5 6 |  6.1
Dodging        | 4 |  4.1
Short Blades   | |  1.3

Action                   || total
-------------------------++-------
Melee: Dagger            ||    11
 Abil: Evoke Invisibilit ||     1
  Use: Potion            ||     1
 Stab: Sleeping          ||     2
Dodge: Dodged            ||     2

Table legend:
 A = Spawn XP
 B = Non-spawn XP
 C = Spawn XP percentage of total XP
 D = Spawn monster count
 E = Non-spawn monster count
 F = Spawn count percentage of total count
 G = Total turns spent on level
                    A         B        C        D         E        F      G
               +---------+---------+-------+---------+---------+-------+---------
         Total |       0 |      82 |   0.0 |       0 |       4 |   0.0 |   595
               +---------+---------+-------+---------+---------+-------+---------
             D |       0 |      82 |   0.0 |       0 |       4 |   0.0 |   595
               +---------+---------+-------+---------+---------+-------+---------
